Map: Costas tropicales

Players

MrFercho - Winner!

  • Race: Zerg Zerg
  • League: Silver
  • Spawn Location: 0:00

tigro

  • Race: Terran Terran
  • League: Bronze
  • Spawn Location: 5:00

VOD

Have the link to the VOD?

Description

Time

  • Played on: May 27, 2020, 9:15 p.m.
  • Length: 25:16
Show
View Real Time Build Order
Export as new Build Order

MrFercho Zerg - Winner!

Build Orders: Hatch First 

Get SALT Encoding   

  12  6:23  Drone x2  
  14  6:28  Hatchery  
  14  6:30  Spawning Pool  
  12  6:33  Evolution Chamber  
  12  6:36  Evolution Chamber  
  10  6:52  Extractor, Overlord x2  
  10  6:53  Extractor, Overlord  
  8  7:12  Drone  
  9  7:16  Hatchery  
  9  7:21  Queen  
  10  7:37  Drone  
  10  7:38  Drone x2  
  10  7:42  Drone  
  14  7:52  Queen  
  16  8:04  Lair  
  16  8:26  Drone  
  16  8:27  Drone x5  
  22  8:31  Zerg Missile Weapons Level 1  
  23  8:41  Drone x2  
  23  8:42  Drone x4  
  28  8:50  Queen  
  30  8:58  Drone  
  30  8:59  Drone x2  
  33  9:09  Zerg Ground Armor Level 1  
  33  9:16  Hydralisk Den  
  32  9:24  Drone x12  
  33  9:25  Drone  
  45  9:39  Infestation Pit  
  44  11:11  Hydralisk  
  44  11:12  Hydralisk x2  
  44  11:16  Overlord x3  
  44  11:17  Overlord  
  44  11:18  Overlord x2  
  50  11:22  Zerg Missile Weapons Level 2, Zerg Ground Armor Level 2  
  50  11:25  Hive  
  50  11:36  Extractor  
  50  11:39  Extractor  
  48  11:59  Grooved Spines  
  48  12:21  Hydralisk  
  48  12:22  Hydralisk x3  
  56  12:49  Overlord x4  
  56  12:50  Overlord x6  
  56  13:05  Overseer  
  56  13:11  Muscular Augments  
  56  13:26  Hatchery  
  55  13:32  Drone  
  55  13:33  Drone x11  
  55  13:34  Extractor x2  
  66  13:40  Extractor, Hatchery, Pneumatized Carapace  
  63  13:44  Extractor  
  62  13:49  Hydralisk x7  
  76  14:12  Drone x5  
  81  14:48  Hydralisk x9  
  81  14:49  Hydralisk  
  101  15:04  Zerg Missile Weapons Level 3, Zerg Ground Armor Level 3  
  101  15:21  Hydralisk x2  
  101  15:22  Hydralisk x11  
  127  15:54  Drone x2  
  129  16:00  Drone x3  
  132  16:12  Hydralisk x7  
  132  16:13  Hydralisk x5  
  156  16:20  Hydralisk x6  
  156  16:21  Hydralisk  
  170  16:44  Hydralisk  
  170  16:45  Hydralisk x9  
  190  17:06  Overlord x5  
  190  17:26  Hydralisk  
  190  17:27  Hydralisk x4  
  150  18:07  Hydralisk x8  
  150  18:08  Hydralisk x6  
  98  18:48  Hydralisk  
  98  18:49  Hydralisk x8  
  114  19:10  Drone x2  
  114  19:12  Drone x2  
  118  19:50  Hydralisk x5  
  118  19:51  Hydralisk x5  
  138  20:29  Hydralisk x8  
  138  20:30  Hydralisk  
  156  20:44  Infestor x3  
  156  20:45  Infestor  
  164  20:56  Unknown  
  164  21:37  Hatchery  
  159  21:40  Extractor  
  159  21:43  Extractor  
  105  22:14  Neural Parasite  
  103  22:35  Hydralisk x12  
  103  22:36  Hydralisk x10  
  141  22:49  Burrow  
  131  23:43  Hydralisk x14  
  131  23:44  Hydralisk  
Show
View Real Time Build Order
Export as new Build Order

tigro Terran 

Build Orders:  

Get SALT Encoding   

  12  0:03  SCV  
  13  0:15  SCV  
  14  0:23  Supply Depot  
  14  0:28  SCV  
  15  0:36  Refinery  
  15  0:44  SCV  
  16  0:55  Barracks  
  16  0:56  SCV  
  17  1:12  SCV  
  18  1:18  Supply Depot  
  18  1:22  Refinery  
  18  1:24  SCV  
  19  1:36  SCV  
  20  1:47  Marine  
  20  1:48  SCV  
  22  1:57  Barracks  
  22  2:05  Marine  
  22  2:06  SCV  
  24  2:18  SCV  
  25  2:23  Marine, Engineering Bay  
  26  2:30  SCV  
  27  2:41  Marine  
  28  2:46  Barracks Tech Lab  
  28  2:47  Orbital Command  
  28  2:59  Marine  
  29  3:06  Factory  
  29  3:10  Combat Shield  
  29  3:13  Terran Infantry Weapons Level 1  
  29  3:21  Barracks Tech Lab  
  29  3:37  Marauder  
  31  3:43  Stimpack  
  31  3:57  Marine  
  32  4:04  Command Center  
  32  4:14  Factory Tech Lab  
  32  4:15  Marine  
  32  4:16  Missile Turret  
  33  4:21  Marine  
  34  4:29  Concussive Shells  
  34  4:33  Marine  
  34  4:37  Siege Tank  
  38  4:39  Marine  
  39  4:48  Missile Turret  
  39  4:57  Marine  
  40  5:07  Terran Infantry Armor Level 1  
  40  5:22  SCV  
  41  5:34  SCV  
  42  5:45  Refinery  
  42  5:46  SCV  
  42  5:48  Armory  
  43  5:58  SCV  
  44  6:10  SCV  
  45  6:41  Terran Vehicle Weapons Level 1  
  45  6:46  Starport  
  45  6:51  SCV  
  46  6:57  Refinery  
  46  7:01  Neosteel Armor  
  46  7:03  SCV  
  47  7:13  Thor  
  53  7:15  SCV  
  54  7:27  Medivac  
  56  7:43  Fusion Core  
  56  7:47  Planetary Fortress  
  56  8:11  Starport Tech Lab  
  56  8:13  Siege Tank  
  59  8:25  SCV  
  60  8:36  Weapon Refit, Terran Vehicle And Ship Armor Level 1  
  60  8:37  SCV  
  60  8:41  Supply Depot, Hi-Sec Auto Tracking  
  61  8:49  SCV  
  65  9:02  SCV  
  65  9:03  Widow Mine  
  65  9:06  Supply Depot  
  65  9:11  Command Center  
  65  9:14  Battlecruiser, SCV  
  74  9:24  Widow Mine  
  74  9:38  Terran Infantry Weapons Level 2  
  76  9:45  Widow Mine  
  76  10:04  Missile Turret  
  78  10:07  Widow Mine  
  78  10:17  Rapid Reignition System  
  78  10:25  Missile Turret  
  78  10:26  Battlecruiser, Refinery  
  84  10:43  Planetary Fortress  
  84  10:49  Missile Turret  
  84  11:09  Missile Turret  
  84  11:32  Missile Turret  
  84  11:55  Battlecruiser  
  90  12:03  Missile Turret  
  90  12:15  Thor  
  90  12:19  Marine  
  90  12:22  Marine  
  98  12:25  Missile Turret  
  98  12:37  Marine  
  98  12:40  Marine  
  100  12:55  Marine  
  100  12:58  Marine  
  102  13:00  Battlecruiser  
  108  13:09  Missile Turret  
  108  13:13  Marine  
  109  13:27  Terran Infantry Weapons Level 3  
  109  13:29  Terran Vehicle Weapons Level 2  
  109  13:40  Missile Turret  
  109  13:41  Supply Depot  
  109  13:59  Missile Turret  
  109  14:02  Marine x2  
  111  14:04  Battlecruiser  
  111  14:06  Supply Depot  
  117  14:15  Widow Mine  
  119  14:21  Missile Turret  
  119  14:25  SCV  
  120  14:32  Refinery  
  120  14:37  SCV  
  121  14:42  Missile Turret  
  121  14:47  Missile Turret  
  121  14:49  SCV  
  122  15:02  Missile Turret  
  122  15:08  Battlecruiser  
  128  15:23  Missile Turret  
  128  15:44  Terran Vehicle And Ship Armor Level 2, Missile Turret  
  128  15:56  Command Center  
  128  16:03  Terran Infantry Armor Level 2  
  128  16:05  Missile Turret, Refinery  
  128  16:20  Battlecruiser  
  134  16:28  Siege Tank, Missile Turret  
  137  16:51  Drilling Claws  
  137  16:55  Cloaking Field  
  137  17:00  Siege Tank  
  140  17:24  Battlecruiser  
  146  17:34  Planetary Fortress  
  146  17:40  Supply Depot  
  143  17:55  Missile Turret  
  132  18:03  Supply Depot  
  99  18:09  Smart Servos  
  86  18:26  Supply Depot  
  86  18:28  Battlecruiser  
  74  18:50  Supply Depot  
  74  19:28  Mag-Field Accelerator  
  74  19:33  Battlecruiser  
  80  19:40  Refinery  
  80  19:43  Command Center  
  80  20:05  SCV  
  81  20:17  SCV  
  82  20:24  Armory  
  82  20:30  SCV  
  83  20:37  Battlecruiser  
  83  20:42  SCV  
  90  20:54  SCV, Refinery  
  91  20:58  Siege Tank  
  94  21:08  Infernal Pre-Igniter  
  94  21:30  Siege Tank  
  91  21:41  Medivac  
  61  22:02  Siege Tank  
  52  22:11  Battlecruiser  
  43  22:25  Marauder  
  31  22:40  Marauder  
  28  22:46  Marauder  
  30  22:56  Factory Tech Lab  
  25  23:01  Marauder  
  27  23:07  Marauder  
  31  23:22  Marauder  
  29  23:44  Marauder  
  25  24:05  Marauder  
  27  24:12  Barracks  
  17  24:27  Marauder  
Tags
 
Add a new tag
Caveats
  • Supply blocks, unpowered buildings, or Contaminate may cause inaccurate times.
  • Supply counts are checked every 10 seconds.